AoeStats
← ZamSerg

Arena

506270813Analyzed
4v4 RM · 19d ago on Sep 13, 2026· 79m 10s· 8 players
Game mode
Random Map
Map size
Large (8 player)
Population
200
Speed
Normal
Resources
Standard
Victory
Conquest
Starting age
Dark Age
Ending age
Imperial Age
RankedLock teamsTeams togetherTeam positionsShared explorationLock speedFull tech treeHidden civsTurbo modeCheats
Victory
Defeat
🇨🇴 Magyars · Colombia
1292
+13
🇨🇴 Bohemians · Colombia
1265
+14
🇨🇴 Italians · Colombia
1253
+15
🇵🇪 Franks · Peru
1163
+20
🇨🇴 Bulgarians · Colombia
1250
-16
🇺🇾 Cumans · Uruguay
1246
-16
🇷🇺 Franks · Russia
1241
-16
🇨🇴 Malians · Colombia
1185
-14
Caballero Cruzado
7:01 Loom
9:47 Feudal Age
10:22 Double-Bit Axe
21:50 Wheelbarrow
25:35 Arson
26:15 Forging
26:05 Scale Mail Armor
28:05 Scale Barding Armor
27:53 Horse Collar
31:29 Castle Age
32:22 Bow Saw
31:35 Pikeman
32:52 Iron Casting
32:33 Chain Mail Armor
33:13 Squires
32:58 Gambesons
34:52 Gold Mining
36:41 Hand Cart
36:52 Stone Mining
38:07 Gold Shaft Mining
38:29 Husbandry
40:24 Chain Barding Armor
41:10 Stone Shaft Mining
42:43 Bloodlines
48:00 Imperial Age
46:01 Fletching
46:44 Town Watch
47:15 Heavy Plow
50:05 Plate Mail Armor
50:36 Blast Furnace
51:11 Plate Barding Armor
50:32 Bodkin Arrow
52:02 Padded Archer Armor
51:37 Elite Konnik
52:19 Bracer
53:00 Conscription
52:21 Elite Skirmisher
53:58 Thumb Ring
54:10 Leather Archer Armor
53:54 Halberdier
60:53 Ballistics
61:34 Chemistry
60:47 Masonry
60:35 Murder Holes
ZamSerg
10:10 Feudal Age
15:24 Castle Age
15:40 Double-Bit Axe
16:32 Bow Saw
18:25 Loom
20:32 Fervor
22:23 Wheelbarrow
24:41 Gold Mining
26:55 Gold Shaft Mining
26:45 Town Watch
27:16 Hand Cart
29:33 Stone Mining
32:18 Imperial Age
30:41 Padded Archer Armor
30:31 Fletching
30:52 Forging
30:42 Scale Mail Armor
30:48 Scale Barding Armor
31:08 Murder Holes
31:24 Fortified Wall
31:24 Masonry
32:01 Bodkin Arrow
32:42 Iron Casting
32:11 Husbandry
31:32 Light Cavalry
32:31 Cavalier
34:08 Chain Barding Armor
34:48 Blast Furnace
34:39 Conscription
34:34 Chivalry
36:15 Paladin
38:28 Plate Barding Armor
47:04 Elite Throwing Axeman
48:20 Hoardings
48:43 Leather Archer Armor
49:30 #83
57:50 Elite Skirmisher
62:00 Chemistry
61:37 Architecture
Paco
10:03 Feudal Age
13:38 Double-Bit Axe
19:54 Horse Collar
22:23 Loom
29:10 Castle Age
29:18 Capped Ram
31:54 Wheelbarrow
31:35 Bow Saw
31:30 Heavy Plow
34:26 Hand Cart
34:00 Town Watch
38:27 Forging
38:17 Scale Mail Armor
38:11 Pikeman
38:53 Squires
38:41 Arson
41:03 Iron Casting
40:43 Chain Mail Armor
68:17 Imperial Age
68:21 Siege Ram
69:29 Halberdier
70:53 Plate Mail Armor
dArkie™
10:29 Feudal Age
14:50 Castle Age
12:39 Loom
13:06 Double-Bit Axe
13:01 Horse Collar
13:40 Horse Collar
15:53 Bow Saw
26:26 Wheelbarrow
26:07 Elite Skirmisher
26:38 Fletching
28:11 Ballistics
31:15 Imperial Age
31:21 Imperial Age
29:37 Padded Archer Armor
29:35 Bodkin Arrow
29:46 Padded Archer Armor
31:10 Town Watch
33:01 Chemistry
32:43 Heavy Plow
33:42 Leather Archer Armor
35:17 Town Watch
39:32 Ring Archer Armor
39:14 Forging
39:05 Scale Mail Armor
41:31 Iron Casting
43:15 Conscription
45:12 Gold Mining
46:11 Stone Mining
46:57 Gold Shaft Mining
48:48 Hand Cart
50:47 Conscription
56:35 Chain Mail Armor
62:51 Plate Mail Armor
pipegarcial
5:44 Loom
9:00 Feudal Age
9:49 Double-Bit Axe
23:37 Fletching
42:02 Wheelbarrow
45:58 Castle Age
46:06 Pikeman
51:29 Chemistry
73:47 Fortified Wall
76:09 Hand Cart
79:56 Imperial Age
80:03 Imperial Age
79:49 Bow Saw
Seritzia
10:57 Feudal Age
15:03 Castle Age
13:40 Double-Bit Axe
14:44 Horse Collar
16:26 Bow Saw
22:21 Loom
22:22 Town Watch
24:33 Heavy Plow
24:28 Stone Mining
24:29 Gold Mining
25:02 Gold Mining
26:06 Scale Barding Armor
26:43 Wheelbarrow
27:08 Gold Shaft Mining
27:58 Chain Barding Armor
27:31 Fletching
28:18 Bloodlines
28:08 Husbandry
31:17 Imperial Age
29:33 Hand Cart
29:57 Corvinian Army
30:47 Bodkin Arrow
31:44 Thumb Ring
32:36 Plate Barding Armor
32:28 Conscription
31:28 Elite Magyar Huszar
31:48 Heavy Cavalry Archer
32:29 Padded Archer Armor
32:52 Ballistics
33:26 Parthian Tactics
34:49 Bracer
35:04 Leather Archer Armor
37:21 Hoardings
37:36 Ring Archer Armor
39:59 Two-Man Saw
44:26 Murder Holes
45:32 Chemistry
77:59 Spies/Treason
jomanuel28
10:11 Feudal Age
10:19 Loom
14:43 Castle Age
13:17 Horse Collar
14:12 Double-Bit Axe
20:02 Fletching
23:21 Wheelbarrow
22:32 Town Watch
29:35 Imperial Age
27:50 Gold Mining
27:51 Stone Mining
28:48 Ballistics
29:43 Hand Cart
29:33 Heavy Plow
31:29 Chemistry
34:02 Conscription
34:06 Bodkin Arrow
34:12 Padded Archer Armor
40:56 Hoardings
42:16 Elite Genoese Crossbowman
42:57 Murder Holes
42:42 Treadmill Crane
43:13 Masonry
43:45 Squires
43:31 Arson
43:56 Scale Mail Armor
44:06 Forging
43:57 Bracer
46:57 Architecture
48:07 Chain Mail Armor
48:27 Iron Casting
48:08 Leather Archer Armor
50:15 Thumb Ring
55:08 Scale Barding Armor
56:04 Blast Furnace
55:34 Ring Archer Armor
55:52 Light Cavalry
56:43 Bloodlines
56:33 Husbandry
57:28 Chain Barding Armor
59:54 Hussar
64:02 Caravan
64:25 Silk Road
64:16 Pirotechnia
65:59 Plate Barding Armor
73:02 Coinage
76:09 Plate Mail Armor
76:10 Ring Archer Armor
SparMankus
10:15 Feudal Age
15:47 Castle Age
14:01 Double-Bit Axe
15:06 Gold Mining
15:58 Scale Barding Armor
16:54 Bow Saw
27:13 Forging
29:58 Chain Barding Armor
33:05 Gold Shaft Mining
34:21 Wheelbarrow
36:41 Imperial Age
35:04 Iron Casting
38:05 Plate Barding Armor
39:27 Cavalier
41:10 Pikeman
43:03 Paladin
48:48 Blast Furnace
47:41 Fletching
55:21 Bodkin Arrow
55:49 Elite Skirmisher
56:32 Padded Archer Armor
58:52 Light Cavalry
62:52 Chemistry
62:13 Ballistics
65:01 Ballistics
69:35 Leather Archer Armor
71:24 Onager
78:13 Caravan
Connection lost

Rejoining the realm…

Still unreachable

The connection could not be restored.

Session expired

The server has moved on; the page needs a fresh start.